 Dungeon Crawl Stone Soup version 0.29.1-4-g47bece8355 (webtiles) character file.

Game seed: 636566095346253316

4 KittyFluff the Trooper (level 1, -1/21 HPs)
             Began as a Gargoyle Berserker on Dec 3, 2022.
             Was a Follower of Trog.
             Slain by a kobold
             ... wielding a +1 whip of distortion
              (12 damage)
             ... on level 1 of the Dungeon.
             The game lasted 00:00:30 (100 turns).

KittyFluff the Trooper (Gargoyle Berserker)          Turns: 100, Time: 00:00:31

Health: -1/21      AC:  4    Str: 20    XL:     1   Next: 70%
Magic:  1/1        EV: 11    Int:  7    God:    Trog [*.....]
Gold:   11         SH:  0    Dex:  9    Spells: 0/0 levels left

rFire   . . .      SeeInvis .   a - +0 mace
rCold   . . .      Faith    .   (no shield)
rNeg    + . .      Spirit   .   b - +0 animal skin
rPois   ∞          Reflect  .   (no helmet)
rElec   +          Harm     .   (no cloak)
rCorr   .          Rampage  .   (no gloves)
Will    .....                   (no boots)
Stlth   ..........              (no amulet)
HPRegen 0.07/turn               (no ring)
MPRegen 0.07/turn               (no ring)

@: berserking, very quick
A: sickness immunity, AC +2, negative energy resistance 1, electricity
resistance, torment resistance 1, petrification resistance
a: Renounce Religion, Berserk


You were on level 1 of the Dungeon.
You worshipped Trog.
Trog was aware of your devotion.
You visited 1 branch of the dungeon, and saw 1 of its levels.

You collected 11 gold pieces.

Inventory:

Hand Weapons
 a - a +0 mace (weapon)
Missiles
 c - 7 stones (quivered)
Armour
 b - a +0 animal skin (worn)


   Skills:
 + Level 3.4 Fighting
 + Level 3.1 Maces & Flails
 * Level 2.3 Armour
 + Level 1.6 Dodging


You couldn't memorise any spells.
You didn't know any spells.
Your spell library was empty.

Dungeon Overview and Level Annotations

Branches:
Dungeon (1/15)

Altars:


Innate Abilities, Weirdness & Mutations

You are immune to sickness and miasma.
Your stone body is resilient. (AC +2)
You are immune to poison.
You resist negative energy. (rN+)
You are resistant to electric shocks. (rElec)
You are resistant to unholy torment.
You are immune to petrification.


Message History

A rat comes into view.
Found 9 gold pieces.
You see here 5 stones.
c - 11 stones (gained 5)
You closely miss the rat. The rat barely misses you.
You barely miss the rat.
The rat bites you but does no damage. x2
You sock the rat!
You kill the rat!
Trog accepts your kill.
You see here a rat corpse.
A kobold comes into view. It is wielding a +1 whip of distortion.
The kobold shouts!
Throw: 11 stones
Press: ? - help, Q - select action Shift-Dir - straight line, f - kobold
Aim: a kobold, wielding a +1 whip of distortion (45% to hit)
You throw a stone. The stone closely misses the kobold.
Throw: 10 stones
Press: ? - help, Q - select action Shift-Dir - straight line, f/p - kobold
Aim: a kobold, wielding a +1 whip of distortion (45% to hit)
You throw a stone. The stone barely misses the kobold.
Throw: 9 stones
Press: ? - help, Q - select action Shift-Dir - straight line, f/p - kobold
Aim: a kobold, wielding a +1 whip of distortion (45% to hit)
You throw a stone. The stone misses the kobold.
Throw: 8 stones
Press: ? - help, Q - select action Shift-Dir - straight line, f/p - kobold
Aim: a kobold, wielding a +1 whip of distortion (45% to hit)
You throw a stone. The stone misses the kobold.
A red film seems to cover your vision as you go berserk!
You feel yourself moving faster!
You feel mighty!
You hit the kobold.
The kobold is moderately wounded.
The kobold hits you with a +1 whip of distortion.
Space warps around you.
You barely miss the kobold.
The kobold is moderately wounded.
The kobold hits you with a +1 whip of distortion.
Space warps horribly around you!
Ouch! That really hurt!
You die...

####.# $.#.#
####.#.#####
........... ...
........ ... #....#
#.# #....# #B#
#.@.†# #.# #.K..#
#.# #.#.########.#
#.#......†...#
#.##########.######
#.#..#.............
#. .#..............
..
#.##.......#.#.....
#.##
#......#.#.#.#...


You could see a kobold.

Vanquished Creatures
  2 giant cockroaches (D:1)
  A kobold (D:1)
  A rat (D:1)
4 creatures vanquished.

Notes
Turn   | Place    | Note
-------+----------+-------------------------------------------
     0 | D:1      | KittyFluff the Gargoyle Berserker began the quest for the
                  | Orb.
     0 | D:1      | Reached XP level 1. HP: 14/14 MP: 1/1
   100 | D:1      | Slain by a kobold

Illustrated notes

Levels and vault maps discovered:
D:1:      matt_arrival_grand_opening, layout_basic,
          chequers_ecumenical_altar_island, minmay_gold_behind_fungi,
          grunt_decor_mini_mirrors, minmay_pentomino_s4

Action                   || total
-------------------------++-------
Melee: Mace              ||    11
Throw: Stone             ||     4
Invok: Berserk           ||     1
Armor: Animal skin       ||     9
Dodge: Dodged            ||     2
